 Dungeon Crawl Stone Soup version 0.22-a0-815-gb582571 (webtiles) character file.

94 zishaf the Sneak (level 4, 0/28 HPs)
             Began as a Kobold Assassin on July 23, 2018.
             Succumbed to an adder's poison
             ... on level 2 of the Dungeon.
             The game lasted 00:04:29 (1700 turns).

zishaf the Sneak (Kobold Assassin)                  Turns: 1700, Time: 00:04:30

Health: 0/28       AC:  3    Str:  9    XL:     4   Next: 94%
Magic:  4/4        EV: 15    Int: 12    God:
Gold:   80         SH:  0    Dex: 16    Spells: 3/3 levels left

rFire    . . .     SeeInvis .   b - +0 blowgun
rCold    . . .     Gourm    .   (shield restricted)
rNeg     . . .     Faith    .   c - +0 robe
rPois    .         Spirit   .   (no helmet)
rElec    .         Reflect  .   d - +0 cloak
rCorr    .         Harm     .   (no gloves)
MR       .....                  (no boots)
Stlth    +++.......             (no amulet)
HPRegen  0.09/turn              (no ring)
MPRegen  0.09/turn              (no ring)

@: lethally poisoned (0 -> -10), hasted, very quick
A: small, carnivore
a: no special abilities


You were on level 2 of the Dungeon.
You were completely stuffed.

You visited 1 branch of the dungeon, and saw 2 of its levels.

You collected 80 gold pieces.

Inventory:

Hand Weapons
 a - a +2 dagger
 b - a +0 blowgun (weapon)
Missiles
 e - a poisoned needle (quivered)
 f - 2 curare-tipped needles
Armour
 c - a +0 robe (worn)
 d - a +0 cloak (worn)
Scrolls
 i - a scroll of enchant armour {unknown}
 j - 8 scrolls of identify {unknown}
 k - a scroll of teleportation {unknown}
 m - 3 scrolls of magic mapping {3fer, unknown}
 n - 2 scrolls of immolation {unknown}
 p - a scroll of noise {unknown}
 q - a scroll of amnesia {unknown}
Potions
 l - a potion of agility {unknown}
Comestibles
 g - 5 rations
 o - 6 chunks of flesh


   Skills:
 + Level 3.0 Fighting
 + Level 3.7 Short Blades
 + Level 2.9 Throwing
 + Level 2.5 Dodging
 + Level 5.9 Stealth


You had 3 spell levels left.
You didn't know any spells.
Your spell library was empty.

Dungeon Overview and Level Annotations

Branches:
Dungeon (2/15)

Altars:

Annotations:
D:2 Sigmund


Innate Abilities, Weirdness & Mutations

You are small and have problems with some larger weapons.
You are carnivorous and can eat meat at any time.


Message History

You feel sick. The adder bites you.
* * * LOW HITPOINT WARNING * * *
You are lethally poisoned!
The adder poisons you!
* * * LOW HITPOINT WARNING * * *
You feel sick.
You kill the adder!
Your Fighting skill increases to level 3!
* * * LOW HITPOINT WARNING * * *
You feel sick.
Firing (i - inventory. (/) - cycle)
e - 2 poisoned needles (quivered)
Press: ? - help, Shift-Dir - straight line, f - adder
Aim: an adder You shoot a poisoned needle.
The poisoned needle closely misses the adder.
* * * LOW HITPOINT WARNING * * *
You feel sick. The adder bites you.
* * * LOW HITPOINT WARNING * * *
It was a potion of haste.
You feel yourself speed up.
You die...

...........(# ....#######(#
....#### #.# .......# #g#
.......# #S# .......####.#
####...#....########
####...#.....g.....##########
+......'.(.....S@...........#
####...#...#######.########.###.#
#...#(..# #.# #..##.# #####...#
#.# ##.##.# #...# #.# #..#.#
#...# #.##########.#.# #...#
#.#..........#.# ######
#..............# ## #....#
###.............


You could see an adder and a goblin.

Vanquished Creatures
  4 adders (D:2)
  An ooze (D:1)
  3 dart slugs
  2 leopard geckos (D:1)
  4 bats
  3 giant cockroaches
  7 goblins
  6 hobgoblins (D:1)
  3 jackals (D:1)
  4 kobolds
  A quokka (D:2)
  2 frilled lizards
  4 rats
44 creatures vanquished.

Notes
Turn   | Place    | Note
-------+----------+-------------------------------------------
     0 | D:1      | zishaf the Kobold Assassin began the quest for the Orb.
     0 | D:1      | Reached XP level 1. HP: 12/12 MP: 1/1
    89 | D:1      | Reached XP level 2. HP: 11/18 MP: 2/2
   537 | D:1      | Reached XP level 3. HP: 6/22 MP: 3/3
  1372 | D:2      | Reached XP level 4. HP: 27/27 MP: 4/4
  1448 | D:2      | Noticed Sigmund
  1699 | D:2      | HP: 1/28 [adder (4)]
  1700 | D:2      | Succumbed to an adder's poison

Vault maps used:
D:1:      onia_arrival_mini_maze
D:2:      uniq_sigmund

Skill      XL: |  1  2  3  4 |
---------------+-------------+-----
Short Blades   | 3 |  3.7
Dodging        | 2 |  2.5
Fighting       | 3 |  3.0
Throwing       | |  2.9
Stealth        | |  5.9

Action                   |  1- 3 |  4- 6 || total
-------------------------+-------+-------++-------
Melee: Dagger            |   114 |    32 ||   146
 Fire: Blowgun           |     5 |    10 ||    15
  Use: Potion            |       |     1 ||     1
 Stab: Sleeping          |     6 |     3 ||     9
  Eat: Chunk             |    10 |     1 ||    11
Armor: Robe              |    13 |     4 ||    17
Dodge: Dodged            |    66 |    26 ||    92

Table legend:
 A = Spawn XP
 B = Non-spawn XP
 C = Spawn XP percentage of total XP
 D = Spawn monster count
 E = Non-spawn monster count
 F = Spawn count percentage of total count
 G = Total turns spent on level
                    A         B        C        D         E        F      G
               +---------+---------+-------+---------+---------+-------+---------
         Total |       0 |     135 |   0.0 |       0 |      44 |   0.0 |  1700
               +---------+---------+-------+---------+---------+-------+---------
           D:1 |       0 |      60 |   0.0 |       0 |      29 |   0.0 |  1371
           D:2 |       0 |      75 |   0.0 |       0 |      15 |   0.0 |   329
               +---------+---------+-------+---------+---------+-------+---------
